 Dungeon Crawl Stone Soup version 0.27.1-3-gb3d3a73c9e (webtiles) character file.

Game seed: 8339225043554626294

25776 ABBCCCDDDD the Fighter (level 13, -10/92 HPs)
             Began as an Octopode Hedge Wizard on Oct 19, 2021.
             Was an Initiate of Gozag.
             Mangled by a cane toad (28 damage)
             ... on level 2 of the Lair of Beasts.
             The game lasted 00:54:39 (27535 turns).

ABBCCCDDDD the Fighter (Octopode Hedge Wizard)     Turns: 27535, Time: 00:54:40

Health: -10/92     AC:  1    Str: 12    XL:     13   Next: 21%
Magic:  0/25       EV: 14    Int: 22    God:    Gozag
Gold:   1363       SH:  7    Dex: 11    Spells: 8/28 levels left

rFire    . . .     SeeInvis +   F - +8 trident of Doom {vorpal, rC+ Will+ Str+3}
rCold    + + +     Faith    .   C - +3 buckler of Xatzif {Harm rC+ rCorr}
rNeg     . . .     Spirit   +   b - +0 hat
rPois    +         Reflect  .   H - amulet of guardian spirit
rElec    .         Harm     +   x - ring of wizardry
rCorr    +         Rampage  .   A - ring of poison resistance
Will     ++...                  t - ring of see invisible
Stlth    ++++......             k - ring of willpower
HPRegen  0.25/turn              I - ring of protection from cold
MPRegen  0.19/turn              (no ring)
                                (no ring)
                                (no ring)

@: gold aura
A: almost no armour, amphibious, 8 rings, camouflage 1, gelatinous body 1,
(nimble swimmer 1), tentacles
a: Renounce Religion, Potion Petition, Call Merchant, Bribe Branch


You were on level 2 of the Lair of Beasts.
You worshipped Gozag.
Gozag was most pleased with you.
You visited 3 branches of the dungeon, and saw 16 of its levels.
You also visited: Bailey and Ice Cave.

You collected 3214 gold pieces.
You spent 416 gold pieces at shops.
You paid 1435 gold pieces to Gozag.

Inventory:

Hand Weapons
 a - the +1 spear "Umaboakae" {vorpal, rElec rC++ rN+ Str+2}
   (You found it on level 9 of the Dungeon)

   It inflicts extra damage upon your enemies.
   Str:       It affects your strength (+2).
   rC:        It greatly protects you from cold.
   rElec:     It insulates you from electricity.
   rN:        It protects you from negative energy.
 r - the +4 trident "Wonic" {vorpal, rC++}
   (You found it on level 4 of the Dungeon)

   It inflicts extra damage upon your enemies.
   rC:        It greatly protects you from cold.
 F - the +8 trident of Doom (weapon) {vorpal, rC+ Will+ Str+3}
   (You found it on level 1 of the Lair of Beasts)

   It inflicts extra damage upon your enemies.
   Str:       It affects your strength (+3).
   rC:        It protects you from cold.
   Will:      It increases your willpower.
 J - the +7 bardiche of Veceeq {vorpal, +Rage rElec Int-3 Dex-2}
   (You acquired it on level 2 of the Lair of Beasts)

   It inflicts extra damage upon your enemies.
   Int:       It affects your intelligence (-3).
   Dex:       It affects your dexterity (-2).
   rElec:     It insulates you from electricity.
   +Rage:     It lets you go berserk.
Missiles
 L - a throwing net (quivered)
Armour
 b - a +0 hat (worn)
 p - a +2 tower shield of protection
 s - a +0 kite shield
 C - the +3 buckler of Xatzif (worn) {Harm rC+ rCorr}
   (You found it in an ice cave)

   rC:        It protects you from cold.
   rCorr:     It protects you from acid and corrosion.
   Harm:      It increases damage dealt and taken.
Magical Staves
 m - a staff of air
 w - a staff of poison
Jewellery
 c - an amulet of the acrobat
 k - a ring of willpower (on tentacle)
 t - a ring of see invisible (on tentacle)
 x - a ring of wizardry (left tentacle)
 y - the amulet "Juddewnoo" {RegenMP Dex+4}
   (You found it in an ice cave)

   [amulet of magic regeneration]

   It increases your rate of magic regeneration.
   Dex:       It affects your dexterity (+4).
 A - a ring of poison resistance (right tentacle)
 H - an amulet of guardian spirit (around mantle)
 I - a ring of protection from cold (on tentacle)
Wands
 u - a wand of flame (21)
Scrolls
 d - 2 scrolls of noise
 e - 2 scrolls of enchant weapon
 f - 3 scrolls of amnesia
 g - 3 scrolls of fog
 j - 5 scrolls of vulnerability
 q - a scroll of holy word
 B - 2 scrolls of teleportation
 D - a scroll of immolation
 G - 2 scrolls of brand weapon
 K - 2 scrolls of magic mapping
Potions
 h - 4 potions of brilliance
 i - 2 potions of mutation {unknown}
 n - 2 potions of flight
 v - 4 potions of degeneration
 z - 2 potions of attraction
 E - a potion of magic
Miscellaneous
 o - a tin of tremorstones (2/2)


   Skills:
 - Level 10.0 Fighting
 - Level 9.0 Polearms
 - Level 4.5 Dodging
 - Level 7.0 Stealth
 - Level 4.0 Shields
 - Level 8.0 Spellcasting
 - Level 8.3 Conjurations
 - Level 1.0 Summonings
 - Level 1.0 Translocations
 + Level 1.6 Transmutations
 - Level 2.0 Air Magic
 + Level 6.7 Earth Magic
 - Level 5.0 Poison Magic
 - Level 8.0 Evocations


You had 8 spell levels left.
You knew the following spells:

 Your Spells              Type           Power      Damage    Failure   Level
a - Magic Dart            Conj           100%       1d8       1%          1
b - Blink                 Tloc           N/A        N/A       3%          2
c - Mephitic Cloud        Conj/Pois/Air  31%        N/A       1%          3
d - Slow                  Hex            8%         N/A       4%          2
e - Iron Shot             Conj/Erth      20%        9d5       21%         6
f - Statue Form           Tmut/Erth      18%        N/A       58%         6

Your spell library contained the following spells:

 Spells                   Type           Power      Damage    Failure   Level
 Summon Small Mammal      Summ           52%        N/A       1%          1
 Conjure Flame            Conj/Fire      27%        6-21      1%          3
 Dazzling Flash           Conj/Hex       54%        N/A       1%          3
 Iskenderun's Battlesphe  Conj           45%        2d10      2%          5
 Call Imp                 Summ           13%        N/A       3%          2
 Corpse Rot               Necr/Air       N/A        N/A       3%          2
 Petrify                  Tmut/Erth      27%        N/A       5%          4
 Call Canine Familiar     Summ           13%        N/A       6%          3
 Hailstorm                Conj/Ice       27%        3d7       6%          4
 Summon Guardian Golem    Hex/Summ       11%        N/A       8%          3
 Tukima's Dance           Hex            8%         N/A       9%          3
 Passage of Golubria      Tloc           N/A        N/A       19%         4
 Ice Form                 Ice/Tmut       12%        N/A       21%         4
 Dispel Undead            Necr           8%         3d8       28%         4
 Silence                  Hex/Air        6%         N/A       45%         5
 Yara's Violent Unravell  Hex/Tmut       6%         3d5       50%         5
 Agony                    Necr           8%         N/A       58%         5
 Metabolic Englaciation   Hex/Ice        4%         N/A       58%         5
 Spellforged Servitor     Conj/Summ      14%        N/A       97%         7
 Death Channel            Necr           4%         N/A       98%         6
 Simulacrum               Ice/Necr       4%         N/A       98%         6


Dungeon Overview and Level Annotations

Branches:
Dungeon (12/15)            Temple (1/1) D:4            Lair (3/6) D:8
    Orc (0/2) D:10         Bailey (visited)           IceCv (visited)
  Swamp: Lair:2-4    Shoals: Lair:2-4     Snake: Lair:2-4    Spider: Lair:2-4

Altars:
Ashenzari
Cheibriados
Dithmenos
Elyvilon
Fedhas
Gozag
Hepliaklqana
Kikubaaqudgha
Makhleb
Nemelex Xobeh
Okawaru
Ru
Sif Muna
Trog
Uskayaw
Vehumet
Wu Jian
Yredelemnul
Zin
The Shining One
Beogh

Shops:
D:6 (   Lair:1 ?   Lair:2 :

Portals:
Abyss: Lair:1

Annotations:
D:6 2 transporters, Menkaure
D:7 exclusion: steam dragon
D:8 exclusion: ice statue
D:10 2 runed translucent doors
D:11 exclusion: hydra
Lair:1 2 transporters, Ceckukk's ghost, journeyman GrEE
Lair:2 Urug
Lair:3 exclusion: hydra


Innate Abilities, Weirdness & Mutations

You cannot wear most types of armour.
You are amphibious.
You can wear up to eight rings at the same time.
Your skin changes colour to match your surroundings (Stealth+).
Your rubbery body absorbs attacks. (AC +1, EV +1)
((You are camouflaged near water. (Stealth+)))
You have tentacles for arms and can constrict up to eight enemies at once.


Message History

Reach: F) +8 trident of Doom {vorpal, rC+ Will+ Str+3}
Press: ? - help, Dir - move target, f/p - komodo dragon
Aim: a komodo dragon (heavily wounded, confused, about 13% to evade the +8 trident of Doom)
You hit the komodo dragon.
The komodo dragon is heavily wounded.
The komodo dragon bites you!
Reach: F) +8 trident of Doom {vorpal, rC+ Will+ Str+3}
Press: ? - help, Dir - move target, p - komodo dragon
Okay, then.
You barely miss the komodo dragon.
The komodo dragon is heavily wounded.
The cane toad stings you but does no damage.
You puncture the komodo dragon!
You kill the komodo dragon!
The cane toad stings you!
* * * LOW HITPOINT WARNING * * *
You see here 11 gold pieces.
Casting: Mephitic Cloud (safe; 1% risk of failure)
Confirm with . or Enter, or press ? or * to list all spells.
You can't see any susceptible monsters within range! (Use Z to cast anyway.)
Casting: Mephitic Cloud (safe; 1% risk of failure)
Confirm with . or Enter, or press ? or * to list all spells.
You can't see any susceptible monsters within range! (Use Z to cast anyway.) Unknown command.
Unknown command.
Casting: Mephitic Cloud (safe; 1% risk of failure)
Confirm with . or Enter, or press ? or * to list all spells.
Aiming: Slow (safe; 4% risk of failure)
Press: ? - help, Shift-Dir - straight line, f - cane toad
Aim: a cane toad (chance to affect: 43%)
The cane toad seems to slow down.
The cane toad stings you!
* * * LOW HITPOINT WARNING * * *
Okay, then.
Okay, then.
Casting: Slow (safe; 4% risk of failure)
Confirm with . or Enter, or press ? or * to list all spells.
Okay, then.
You feel better. The cane toad stings you!!
You die...
Your body crumbles into a pile of gold.

*###**** ###** *#..**,,* **#...*
*..,,,,,* #.#...######
*.#**,,,**
#..........####.##*,,,,* ***
#......@F........###.,,, *,**
#...................#**,
****,***##....###.#P...##.#.,,$,
**,,,,,,,......*
#####..##.#*,,*,
,,,,*,,*,#....,* ##..#.#*****
*,,****,,.....,* #..#.## *##
*,,***,,,...#,,* #.....###.#
,*,,,,,,,...*,,**** ##..$..#..#.
*...#**,,,...,,**,**
#..........#


You could see a cane toad (slow).

Levels and vault maps discovered:
D:1:      lemuel_arrival_room, layout_basic, kennysheep_crisscross,
          minmay_statues_item, chequers_serial_rivers_small_b,
          chequers_serial_rivers_room_a
D:2:      layout_rooms
D:3:      layout_loops_ring, tso_altar, gammafunk_temple_overflow_pools,
          ebering_ecumenical_altar_box, roderic_roman_lattice,
          roderic_malta_cross, uniq_robin, uniq_jessica, uniq_natasha
D:4:      layout_layer_cave, lemuel_crystal_altar, temple_statues, uniq_pikel
D:5:      layout_loops_ring, mainiacjoe_overflow_alcove_4
D:6:      layout_cave_pools, gammafunk_temple_of_torment, serial_shops,
          nicolae_square_shop, chequers_garden, serial_bayou_lake_a
D:7:      layout_cave_pools, grunt_dithmenos_shadows, slow_altar_1
D:8:      lemuel_ice_statue, layout_loops_ring, mainiacjoe_overflow_brackets,
          general_overflow_altar, due_lair_maze_entry_diamond, uniq_grum
D:9:      layout_gridville, special_room [special_room_orc], enter_bailey_2,
          minmay_fire_ice_demons
D:10:     layout_big_octagon, jmf_multi_god_temple2, david_orc_5,
          serial_park_tiny_1
D:11:     layout_roguey, nicolae_trove_entry_columns
D:12:     layout_roguey, minmay_misc_feat_diagonals, kennysheep_generic_room_6
Temple:   jpeg_temple_island
Lair:1:   layout_gridlike, portal_ice_cave_demonic_guard,
          gammafunk_ghost_abyssal_escape
Lair:2:   layout_loops_ring, minivault_23, uniq_harold, uniq_erica, uniq_urug
Lair:3:   layout_regular_city, palyth_hydra_swamp_entry,
          gammafunk_ghost_necromancy, grunt_megastairs_1,
          infiniplex_staircase_pool, lemuel_fruit_tree

Notes
Turn   | Place    | Note
-------+----------+-------------------------------------------
     0 | D:1      | ABBCCCDDDD the Octopode Hedge Wizard began the quest for
                  | the Orb.
     0 | D:1      | Reached XP level 1. HP: 11/11 MP: 4/4
   415 | D:1      | Reached XP level 2. HP: 18/18 MP: 0/6
  1576 | D:2      | Reached skill level 1 in Fighting
  1576 | D:2      | Reached XP level 3. HP: 20/23 MP: 2/7
  2506 | D:2      | Learned a level 2 spell: Blink
  2510 | D:2      | Learned a level 3 spell: Mephitic Cloud
  2787 | D:3      | Reached XP level 4. HP: 28/28 MP: 4/8
  2976 | D:3      | Noticed Natasha
  3130 | D:3      | Found a faded altar of an unknown god.
  3224 | D:3      | Noticed a sky beast
  3363 | D:3      | Noticed Jessica
  3373 | D:3      | Killed Jessica
  3691 | D:3      | Killed Natasha
  3692 | D:3      | Reached skill level 2 in Fighting
  3692 | D:3      | Reached skill level 1 in Poison Magic
  3692 | D:3      | Reached XP level 5. HP: 22/34 MP: 6/9
  3770 | D:3      | Noticed Robin
  3812 | D:3      | Killed Robin
  4463 | D:3      | Noticed Natasha
  4502 | D:2      | Killed a sky beast
  4503 | D:2      | Reached XP level 6. HP: 24/41 MP: 3/10
  4703 | D:3      | Found a glowing golden altar of the Shining One.
  4829 | D:3      | Found a burning altar of Makhleb.
  4830 | D:3      | Found a white marble altar of Elyvilon.
  4993 | D:4      | Identified the +4 trident "Wonic" {vorpal, rC++}
  5316 | D:4      | Found a radiant altar of Vehumet.
  5370 | D:4      | Found a staircase to the Ecumenical Temple.
  5383 | Temple   | Entered the Ecumenical Temple
  6033 | D:4      | Noticed Pikel
  6452 | D:4      | Reached skill level 5 in Stealth
  6752 | D:3      | Killed Natasha
  6755 | D:3      | Killed Pikel
  6756 | D:3      | Reached skill level 3 in Fighting
  6756 | D:3      | Reached skill level 1 in Air Magic
  6756 | D:3      | Reached skill level 1 in Evocations
  6756 | D:3      | Reached XP level 7. HP: 4/46 MP: 8/11
  7329 | D:4      | Reached XP level 8. HP: 52/52 MP: 6/12
  7708 | D:5      | Entered Level 5 of the Dungeon
  8238 | D:5      | Identified the +6 hand axe "Wuametot" {speed, Fragile Will+
                  | Str+6}
  8302 | D:5      | Found a hazy altar of Hepliaklqana.
  8483 | D:5      | Reached skill level 5 in Conjurations
  9527 | D:6      | Found a transporter.
  9787 | D:6      | Found an ancient bone altar of Kikubaaqudgha.
  9789 | D:6      | Noticed Menkaure
  9796 | D:6      | Noticed a vampire
  9803 | D:6      | Found a transporter.
  9874 | D:6      | Reached skill level 4 in Fighting
  9945 | D:6      | Found Bamovvud's Antique Weapon Boutique.
 10153 | D:6      | Found a basalt altar of Yredelemnul.
 10160 | D:6      | Noticed a vampire
 10741 | D:7      | Reached skill level 5 in Poison Magic
 10741 | D:7      | Reached XP level 9. HP: 50/59 MP: 9/13
 10946 | D:7      | Reached skill level 5 in Fighting
 11044 | D:7      | Found a snail-covered altar of Cheibriados.
 11364 | D:7      | Found a shadowy altar of Dithmenos.
 11378 | D:7      | Reached skill level 5 in Evocations
 11701 | D:7      | Reached skill level 5 in Polearms
 11985 | D:7      | Reached skill level 6 in Fighting
 12708 | D:8      | Reached skill level 7 in Fighting
 12761 | D:8      | Reached XP level 10. HP: 29/71 MP: 14/14
 12983 | D:8      | Reached skill level 8 in Fighting
 13147 | D:8      | Found a staircase to the Lair.
 13182 | D:8      | Learned a level 2 spell: Slow
 13195 | D:8      | Found an ornate altar of the Wu Jian Council.
 13196 | D:8      | Noticed Grum
 13962 | D:8      | Found an opulent altar of Gozag.
 14093 | D:8      | Became a worshipper of Gozag Ym Sagoz the Greedy
 14244 | D:8      | Noticed an ice statue
 14362 | D:8      | Killed Grum
 14428 | Lair:1   | Entered Level 1 of the Lair of Beasts
 14757 | Lair:1   | Found a one-way gate to the infinite horrors of the Abyss.
 14757 | Lair:1   | Noticed Ceckukk's ghost (journeyman GrEE)
 14785 | Lair:1   | Found a transporter.
 14785 | Lair:1   | Found a transporter.
 14816 | Lair:1   | Identified the +8 trident of Doom {vorpal, rC+ Will+ Str+3}
 14828 | Lair:1   | Noticed a cane toad
 14878 | Lair:1   | You fall into a shaft and drop 1 floor!
 14878 | Lair:2   | Noticed a black mamba
 14918 | Lair:1   | Found a frozen archway.
 14978 | IceCv    | Entered an ice cave
 15225 | IceCv    | Reached skill level 9 in Fighting
 15502 | IceCv    | Noticed an ice statue
 15502 | IceCv    | Noticed an ice statue
 15718 | IceCv    | Noticed a white draconian
 15724 | IceCv    | Identified the amulet "Juddewnoo" {RegenMP Dex+4}
 15797 | IceCv    | Reached skill level 5 in Spellcasting
 16209 | IceCv    | Killed a white draconian
 16210 | IceCv    | Reached XP level 11. HP: 73/80 MP: 15/20
 17396 | IceCv    | Identified the +3 buckler of Xatzif {Harm rC+ rCorr}
 18465 | Lair:1   | Noticed a cyan ugly thing
 18466 | Lair:1   | Noticed a green ugly thing
 19059 | Lair:1   | Bought a scroll of fog for 28 gold pieces
 19059 | Lair:1   | Bought a scroll of identify for 28 gold pieces
 19603 | Lair:1   | Noticed a six-headed hydra
 20868 | Lair:2   | Noticed Harold
 21298 | D:9      | Found a flagged portal.
 21311 | D:9      | Identified the +1 spear "Umaboakae" {vorpal, rElec rC++ rN+
                  | Str+2}
 21413 | Bailey   | Entered a bailey
 21794 | Bailey   | Noticed an orc knight
 21798 | Bailey   | Killed an orc knight
 21799 | Bailey   | Reached XP level 12. HP: 87/87 MP: 18/22
 22109 | Bailey   | Reached skill level 10 in Fighting
 23221 | D:9      | Learned a level 6 spell: Iron Shot
 23502 | D:10     | Entered Level 10 of the Dungeon
 23560 | D:10     | Found a large runed translucent door.
 23565 | D:10     | Found a large runed translucent door.
 23726 | D:10     | Reached skill level 1 in Earth Magic
 23774 | D:10     | Found a staircase to the Orcish Mines.
 24232 | D:10     | Identified the +1 leather armour "Xialegy" {Int+2}
 25522 | D:11     | Noticed an eight-headed hydra
 26182 | D:12     | Reached skill level 5 in Earth Magic
 26392 | Lair:2   | Noticed Urug
 26683 | Lair:3   | Reached XP level 13. HP: 84/92 MP: 22/25
 27232 | Lair:2   | Killed Harold
 27425 | Lair:2   | Identified a scroll of acquirement
 27426 | Lair:2   | Acquired the +7 bardiche of Veceeq {vorpal, +Rage rElec
                  | Int-3 Dex-2}
 27429 | Lair:2   | Bought a book of Sloth for 360 gold pieces
 27436 | Lair:2   | Learned a level 6 spell: Statue Form
 27494 | Lair:2   | Noticed Erica
 27505 | Lair:2   | Killed Erica
 27506 | Lair:2   | Reached skill level 1 in Transmutations
 27535 | Lair:2   | Mangled by a cane toad

Table legend: (Time is in decaauts)
 A = Elapsed time spent in this place.
 B = Non-inter-level travel time spent in this place.
 C = Inter-level travel time spent in this place.
 D = Time resting spent in this place.
 E = Time spent auto-exploring this place.
 F = Levels seen in this place.
 G = Mean time per level.
                   A        B        C        D        E       F      G
               +--------+--------+--------+--------+--------+-----+--------+
         Total |  27514 |  26585 |    929 |  13187 |   7973 |  18 | 1528.6 |
       Dungeon |  19042 |  18240 |    802 |   8484 |   6483 |  12 | 1586.8 |
        Temple |    516 |    480 |     36 |      0 |    469 |   1 |  516.0 |
          Lair |   4143 |   4052 |     91 |   1919 |    851 |   3 | 1381.0 |
        Bailey |    774 |    774 |      0 |    333 |    170 |   1 |  774.0 |
      Ice Cave |   3036 |   3036 |      0 |   2449 |      0 |   1 | 3036.0 |
               +--------+--------+--------+--------+--------+-----+--------+

Top non-repeatable levels by time:
   IceCv: 3036 daAuts
     D:8: 3020 daAuts
     D:3: 2522 daAuts
  Lair:1: 2201 daAuts
     D:4: 1887 daAuts
     D:7: 1777 daAuts
     D:5: 1718 daAuts
     D:1: 1569 daAuts
     D:2: 1545 daAuts
     D:9: 1171 daAuts
  Lair:2: 1160 daAuts
    D:10: 1139 daAuts
     D:6: 1064 daAuts
    D:11: 960 daAuts
  Lair:3: 781 daAuts

Table legend:
 A = Kills in this place as a percentage of kills in entire the game.
 B = Kills by you in this place as a percentage of kills by you in the entire game.
 C = Kills by friends in this place as a percentage of kills by friends in the entire game.
 D = Other kills in this place as a percentage of other kills in the entire game.
 E = Experience gained in this place as a percentage of experience gained in the entire game.
 F = Experience gained in this place divided by the number of levels of this place that you have seen.
                   A       B       C       D       E      F
               +-------+-------+-------+-------+-------+----------------------
         Total | 100.0 | 100.0 |   N/A | 100.0 | 100.0 | 2045.8
       Dungeon |  73.2 |  74.6 |   N/A |   0.0 |  47.5 | 1457.5
          Lair |  14.6 |  14.6 |   N/A |  14.3 |  37.9 | 4657.0
        Bailey |   5.0 |   3.7 |   N/A |  71.4 |   5.8 | 2138.0
      Ice Cave |   7.2 |   7.0 |   N/A |  14.3 |   8.8 | 3225.0
               +-------+-------+-------+-------+-------+----------------------

Action                   |  1- 3 |  4- 6 |  7- 9 | 10-12 | 13-15 || total
-------------------------+-------+-------+-------+-------+-------++-------
Melee: Dagger            |    10 |       |       |       |       ||    10
       Tentacles         |     1 |     6 |    17 |    83 |     8 ||   115
       Constrict         |     1 |     8 |    25 |    49 |     2 ||    85
       Staff             |       |    44 |     2 |       |       ||    46
       Trident           |       |       |   179 |   687 |    64 ||   930
Throw: Throwing net      |       |       |       |       |     1 ||     1
 Cast: Magic Dart        |    90 |   126 |   134 |   171 |     4 ||   525
       Mephitic Cloud    |       |       |     2 |    15 |     3 ||    20
       Slow              |       |       |       |       |     1 ||     1
       Blink             |       |       |       |       |     1 ||     1
       Iron Shot         |       |       |       |       |     1 ||     1
Invok: Call Merchant     |       |       |       |     1 |     1 ||     2
Evoke: Wand              |       |     5 |     7 |    19 |       ||    31
  Use: Scroll            |       |       |     5 |    13 |     3 ||    21
       Potion            |       |       |     2 |    10 |     1 ||    13
 Stab: Sleeping          |     1 |     1 |     3 |    16 |       ||    21
       Confused          |       |       |     1 |    12 |     2 ||    15
       Paralysed         |       |       |       |    14 |       ||    14
       Distracted        |       |       |       |     6 |       ||     6
Armor: Skin              |     1 |     2 |     8 |    11 |     1 ||    23
Dodge: Dodged            |     9 |    47 |    86 |   258 |    15 ||   415
Block: Buckler           |       |       |       |   102 |    11 ||   113

Vanquished Creatures
  A white draconian (IceCv)
  Harold (Lair:2)
  Erica (Lair:2)
  Pikel (D:3)
  A lindwurm (Lair:3)
  A manticore (D:11)
  2 orc knights (Bailey)
  An ugly thing (D:12)
  A black mamba (Lair:2)
  2 elephants (Lair:3)
  A gargoyle (D:10)
  2 cane toads
  3 komodo dragons
  2 unseen horrors
  5 rime drakes
  An ice devil (Lair:1)
  A polar bear (Lair:2)
  A hornet (D:9)
  2 trolls
  4 slime creatures (D:12)
  5 blink frogs (Lair:2)
  40 yaks
  2 basilisks
  A steam dragon (D:10)
  Grum (D:8)
  2 acid dragons
  10 water moccasins
  15 orc warriors
  A hornet zombie (D:7)
  2 sky beasts
  2 ogres
  8 wolves
  2 phantoms
  4 centaurs
  10 bullfrogs
  A gnoll sergeant (D:10)
  2 scorpions
  A lindwurm simulacrum (IceCv)
  10 wights
  7 howler monkeys
  5 electric eels (D:6)
  A crimson imp (D:9)
  2 centaur zombies
  6 komodo dragon simulacra (IceCv)
  4 hounds
  3 orc priests
  A centaur skeleton (D:5)
  2 bullfrog skeletons
  An iguana (D:5)
  Jessica (D:3)
  8 orc wizards
  Natasha (twice) (D:3)
  A hound skeleton (D:2)
  A mummy (D:7)
  2 howler monkey zombies
  Robin (D:3)
  5 adders
  12 gnolls
  7 acid dragon simulacra (IceCv)
  2 shadow imps
  2 white imps
  7 steam dragon simulacra (IceCv)
  An adder skeleton (D:4)
  A worm (D:2)
  2 dart slugs
  67 orcs
  5 bats
  4 endoplasms
  3 giant cockroaches (D:2)
  15 goblins
  7 hobgoblins
  5 jackals
  4 kobolds
  4 quokkas
  4 ball pythons
  2 frilled lizards
  2 rats
362 creatures vanquished.

Vanquished Creatures (others)
  A bush (Lair:2)
  83 fungi
  74 plants
158 creatures vanquished.

Grand Total: 520 creatures vanquished
